 Dungeon Crawl Stone Soup version 0.21.1-1-g345015f (webtiles) character file.

98 theblackcape the Grave Robber (level 4, -6/30 HPs)
             Began as a Mummy Necromancer on June 4, 2018.
             Killed from afar by an orc wizard (12 damage)
             ... with a puff of flame
             ... on level 4 of the Dungeon.
             The game lasted 00:35:58 (3118 turns).

theblackcape the Grave Robber (Mummy Necromancer)   Turns: 3118, Time: 00:35:59

Health: -6/30      AC:  4    Str: 11    XL:     4   Next: 43%
Magic:  0/10       EV: 12    Int: 15    God:
Gold:   205        SH:  0    Dex: 12    Spells: 2/11 levels left

rFire    x . .     SeeInvis .   o - staff of energy
rCold    + . .     Gourm    .   (no shield)
rNeg     + + +     Faith    +   a - +0 robe
rPois    ∞         Spirit   .   p - +0 helmet
rElec    .         Reflect  .   (no cloak)
rCorr    .         Harm     .   (no gloves)
MR       .....                  n - +0 pair of boots
Stlth    ++........             e - amulet of faith
HPRegen  0.10/turn              (no ring)
MPRegen  0.12/turn              (no ring)

@: no status effects
A: no food or potions, fire vulnerability, cold resistance 1, negative energy
resistance 3, torment resistance, unbreathing
a: no special abilities


You were on level 4 of the Dungeon.
You were not hungry.

You visited 1 branch of the dungeon, and saw 4 of its levels.

You collected 205 gold pieces.

Inventory:

Hand Weapons
 i - a +0 hand axe
 l - a cursed -1 short sword
Armour
 a - a +0 robe (worn)
 n - a +0 pair of boots (worn)
 p - a +0 helmet (worn)
Magical Staves
 o - an uncursed staff of energy (weapon)
Jewellery
 e - an amulet of faith (around neck)
Scrolls
 c - 2 scrolls of teleportation
 d - a scroll of fog
 f - a scroll of blinking {unknown}
 g - a scroll of remove curse {unknown}
 h - a scroll of fear {unknown}
 j - 2 scrolls of magic mapping {unknown}
 k - a scroll of immolation {unknown}
 m - a scroll of enchant armour {unknown}
Books
 b - a book of Necromancy

   Spells                             Type                      Level
   a - Pain                           Necromancy                   1
   b - Animate Skeleton               Necromancy                   1
   c - Vampiric Draining              Necromancy                   3
   d - Regeneration                   Charms/Necromancy            3
   e - Animate Dead                   Necromancy                   4
   f - Borgnjor's Vile Clutch         Necromancy/Earth             5


   Skills:
 - Level 1.5 Dodging
 - Level 1.5 Stealth
 + Level 4.2 Spellcasting
 + Level 5.2 Necromancy


You had 2 spell levels left.
You knew the following spells:

 Your Spells              Type           Power        Failure   Level  Hunger
a - Pain                  Necr           ###.         1%          1    N/A
b - Animate Skeleton      Necr           N/A          1%          1    N/A
c - Vampiric Draining     Necr           ###.......   6%          3    N/A
d - Animate Dead          Necr           N/A          21%         4    N/A

Dungeon Overview and Level Annotations

Branches:
Dungeon (4/15)
 Temple: D:4-7

Altars:
Trog


Innate Abilities, Weirdness & Mutations

You do not eat or drink.
Your flesh is vulnerable to fire.
You are immune to poison.
Your flesh is cold resistant. (rC+)
You are immune to negative energy. (rN+++)
You are immune to unholy pain and torment.
You can survive without breathing.


Message History

Your orc zombie barely misses the orc.
The orc hits your orc zombie.
Your orc zombie is destroyed!
The orc wizard closely misses you.
Casting: Pain
Confirm with . or Enter, or press ? or * to list all spells.
Aiming: Pain
Press: ? - help, Shift-Dir - straight line, f/p - orc wizard
Aim: an orc wizard, wielding a dagger and wearing a robe (lightly wounded, fast, chance to defeat MR: 78%)
The orc wizard writhes in agony!
The orc wizard barely misses you. x2
The orc wizard barely misses you.
Casting: Pain
Confirm with . or Enter, or press ? or * to list all spells.
Aiming: Pain
Press: ? - help, Shift-Dir - straight line, f/p - orc wizard
Aim: an orc wizard, wielding a dagger and wearing a robe (moderately wounded, fast, chance to defeat MR: 78%)
The orc wizard writhes in agony!
The orc wizard gestures at you while chanting.
The puff of flame hits you! The fire burns you terribly!
You die...

##########
#........#
#####@######.#
...#o#### #.#
..####.#o##%###.####
...................#
....(..#....###.##.#
#.######.)...##.# #
#........#
###.###### #.#


You could see an orc wizard and an orc.

Vanquished Creatures
  3 adders (D:2)
  A dart slug (D:1)
  4 leopard geckos
  3 orcs
  3 giant cockroaches
  5 goblins
  7 hobgoblins
  A quokka (D:3)
  A ball python (D:1)
  11 bats
  6 kobolds
  3 rats
48 creatures vanquished.

Vanquished Creatures (collateral kills)
  An ooze (D:2)
  A worm (D:3)
  A dart slug (D:3)
  A leopard gecko (D:3)
  A goblin (D:2)
  A hobgoblin (D:3)
  A kobold (D:3)
7 creatures vanquished.

Grand Total: 55 creatures vanquished

Notes
Turn   | Place    | Note
-------+----------+-------------------------------------------
     0 | D:1      | theblackcape the Mummy Necromancer began the quest for the Orb.
     0 | D:1      | Reached XP level 1. HP: 13/13 MP: 4/4
     2 | D:1      | Learned a level 1 spell: Animate Skeleton
   449 | D:1      | Reached XP level 2. HP: 19/19 MP: 3/5
  1341 | D:2      | Reached XP level 3. HP: 22/24 MP: 2/7
  1529 | D:2      | Reached skill level 5 in Necromancy
  1602 | D:2      | Learned a level 3 spell: Vampiric Draining
  1919 | D:2      | Reached XP level 4. HP: 30/30 MP: 7/9
  1925 | D:2      | Learned a level 4 spell: Animate Dead
  2451 | D:3      | Found a bloodstained altar of Trog.
  3118 | D:4      | Killed from afar by an orc wizard

Skill      XL: |  1  2  3  4 |
---------------+-------------+-----
Spellcasting   | 3 4 |  4.2
Necromancy     | 5 |  5.2
Dodging        | |  1.5
Stealth        | |  1.5

Action                   |  1- 3 |  4- 6 || total
-------------------------+-------+-------++-------
Melee: Unarmed           |       |    14 ||    14
       Staff             |       |     5 ||     5
 Cast: Pain              |    55 |    39 ||    94
       Animate Skeleton  |     7 |     3 ||    10
       Animate Dead      |       |     6 ||     6
  Use: Scroll            |     3 |     2 ||     5
Armor: Robe              |     3 |    14 ||    17
Dodge: Dodged            |    14 |    34 ||    48
